 Dungeon Crawl Stone Soup version 0.17.1-3-g152610e (webtiles) character file.

116 warlockg3 the Gusty (level 4, 0/37 HPs)
             Began as a Draconian Air Elementalist on Apr 12, 2016.
             Succumbed to poison (a potion of poison)
             ... on level 3 of the Dungeon.
             The game lasted 00:15:21 (3756 turns).

warlockg3 the Gusty (Draconian Air Elementalist)    Turns: 3756, Time: 00:15:21

Health: 0/37       AC:  5    Str: 10    XL:     4   Next: 70%
Magic:  1/7        EV: 12    Int: 17    God:
Gold:   77         SH:  0    Dex: 11    Spells: 3 memorised, 1 level left

rFire  . . .     SeeInvis .     (no weapon)
rCold  + . .     Clarity  .     (armour unavailable)
rNeg   . . .     SustAt   .     (no shield)
rPois  .         Gourm    .     (helmet restricted)
rElec  .         Spirit   +     (no cloak)
rCorr  .         Warding  .     (no gloves)
rMut   .         Stasis   .     (no boots)
MR     .....                    c - amulet of guardian spirit
Stlth  ++........               (no ring)
                                k - ring of protection from cold

@: lethally poisoned (0 -> -15), very slightly contaminated, drained, not
resistant to hostile enchantments, unstealthy
A: unfitting armour, cold-blooded, AC +5
a: no special abilities


You were on level 3 of the Dungeon.
You were very hungry.

You visited 1 branch of the dungeon, and saw 3 of its levels.

You collected 77 gold pieces.

Inventory:

Hand Weapons
 d - a +0 hunting sling
 f - a +0 short sword
Missiles
 m - 32 stones (quivered)
Jewellery
 c - an amulet of guardian spirit (around neck)
 k - a ring of protection from cold (left hand)
Scrolls
 b - 2 scrolls of identify
 e - a scroll of noise {unknown}
 h - a scroll of remove curse
 j - a scroll of blinking {unknown}
Books
 a - a book of Air

   Spells                             Type                      Level
   a - Shock                          Conjuration/Air              1
   b - Swiftness                      Charms/Air                   2
   c - Repel Missiles                 Charms/Air                   2
   d - Static Discharge               Conjuration/Air              3
   e - Lightning Bolt                 Conjuration/Air              5
Comestibles
 g - 2 meat rations
 i - a bread ration


   Skills:
 + Level 2.3(1.9) Fighting
 + Level 2.8(2.4) Dodging
 + Level 2.2(1.8) Stealth
 + Level 0.8(0.3) Unarmed Combat
 + Level 2.1(1.7) Spellcasting
 + Level 1.4(0.9) Conjurations
 + Level 3.4(2.9) Air Magic


You had one spell level left.
You knew the following spells:

 Your Spells              Type           Power        Failure   Level  Hunger
a - Shock                 Conj/Air       #...         12%         1    ##.....
b - Swiftness             Chrm/Air       #.......     21%         2    ###....
c - Static Discharge      Conj/Air       #.......     30%         3    ####...


Dungeon Overview and Level Annotations

Branches:
Dungeon (3/15)

Altars:
Dithmenos

Annotations:
D:3 grom234's ghost, amateur HOFi


Innate Abilities, Weirdness & Mutations

Your plain brown scales are hard (AC +5).
Your body does not fit into most forms of armour.
You are cold-blooded and may be slowed by cold attacks.


Message History

The iguana bites you!
* * * LOW HITPOINT WARNING * * *
You hit the iguana but do no damage. The iguana bites you!
* * * LOW HITPOINT WARNING * * *
You hit the iguana.
The iguana is lightly wounded.
The iguana closely misses you.
You hit the iguana.
The iguana is moderately wounded.
The iguana barely misses you.
You hit the iguana but do no damage.
You tail-slap the iguana, but do no damage.
The iguana is moderately wounded.
The iguana bites you.
* * * LOW HITPOINT WARNING * * *
Drink which item? (? for menu, Esc to quit)
It was a potion of poison.
That liquid tasted very nasty...
You are lethally poisoned!
You die...

...#.......#..####..#
.....###...........#
## ###..#
###.##†...###.. #
##.#####.##(.......
...#..............###
##.. ####..........#
. #.###...)#...# #.
##...l###....
..##.†..@# ##.
#.†....#
....................
#.#....#..#######.##
.....#..>.#
#.#####...# # #.#.#
#.#.# ..#..


You could see an iguana.

Vanquished Creatures
  Jessica (D:3)
  An adder (D:2)
  2 worms (D:2)
  A giant gecko (D:3)
  2 ball pythons
  10 bats
  4 giant cockroaches
  6 goblins
  10 hobgoblins
  12 jackals
  2 giant newts (D:2)
  11 kobolds
  9 rats
71 creatures vanquished.

Notes
Turn   | Place    | Note
--------------------------------------------------------------
     0 | D:1      | warlockg3 the Draconian Air Elementalist began the quest for the Orb.
     0 | D:1      | Reached XP level 1. HP: 14/14 MP: 3/3
   731 | D:1      | Reached XP level 2. HP: 22/22 MP: 5/5
  1131 | D:1      | Reached skill level 1 in Fighting
  1380 | D:1      | Reached XP level 3. HP: 25/28 MP: 1/6
  2134 | D:2      | Found a shadowy altar of Dithmenos.
  2570 | D:2      | Learned a level 2 spell: Swiftness
  2574 | D:2      | Learned a level 3 spell: Static Discharge
  2743 | D:2      | Reached XP level 4. HP: 25/35 MP: 0/7
  3408 | D:3      | Noticed Jessica
  3408 | D:3      | Noticed grom234's ghost (amateur HOFi)
  3515 | D:3      | Killed Jessica
  3756 | D:3      | Succumbed to poison (a potion of poison)

Action                   |  1- 3 |  4- 6 || total
-------------------------+-------+-------++-------
Melee: Unarmed           |   284 |   123 ||   407
 Cast: Shock             |    30 |     9 ||    39
       Static Discharge  |     2 |     2 ||     4
  Use: Potion            |     5 |     1 ||     6
       Scroll            |     2 |       ||     2
 Stab: Sleeping          |     2 |     1 ||     3
  Eat: Bread ration      |     2 |       ||     2
       Chunk             |       |     1 ||     1
